 Dungeon Crawl Stone Soup version 0.21.0 (webtiles) character file.

35 tidbits the Sneak (level 3, 1/14 HPs)
             Began as a Felid Earth Elementalist on Jan 6, 2018.
             Was an Initiate of Cheibriados.
             Quit the game on level 4 of the Dungeon.
             The game lasted 00:03:25 (451 turns).

tidbits the Sneak (Felid Earth Elementalist)         Turns: 451, Time: 00:03:25

Health: 1/14       AC:  1    Str:  6    XL:     3   Next: 17%
Magic:  2/7        EV: 18    Int: 17    God:    Cheibriados [......]
Gold:   31         SH:  0    Dex: 17    Spells: 3/6 levels left
                                        Lives:  0   Deaths: 1

rFire    . . .     SeeInvis +     - Unarmed
rCold    . . .     Gourm    .   (shield unavailable)
rNeg     . . .     Faith    .   (armour unavailable)
rPois    .         Spirit   .   (helmet unavailable)
rElec    .         Reflect  .   (cloak unavailable)
rCorr    .         Harm     .   (gloves unavailable)
MR       .....                  (boots unavailable)
Stlth    +++.......             (no amulet)
HPRegen  0.04/turn              (no ring)
MPRegen  0.10/turn              (no ring)

@: lethally poisoned (1 -> -9)
A: very small, no armour, no weapons or thrown items, stealth, claws 1, fangs 3,
see invisible, carnivore, speed 1, shaggy fur 1, slow metabolism 1, sharp paws
a: Bend Time, Renounce Religion


You were on level 4 of the Dungeon.
You worshipped Cheibriados.
Cheibriados was noncommittal.
You were not hungry.

You visited 1 branch of the dungeon, and saw 5 of its levels.

You collected 31 gold pieces.

Inventory:

Missiles
 b - 56 stones
Wands
 h - a wand of digging (8)
Scrolls
 a - a scroll of enchant armour
 e - a scroll of magic mapping {unknown}
Books
 d - a book of Geomancy

   Spells                             Type                      Level
   a - Sandblast                      Earth                        1
   b - Passwall                       Transmutation/Earth          2
   c - Stone Arrow                    Conjuration/Earth            3
   d - Petrify                        Transmutation/Earth          4
   e - Lee's Rapid Deconstruction     Earth                        5
Comestibles
 c - 2 rations


   Skills:
 - Level 2.6 Dodging
 + Level 4.2 Stealth
 * Level 3.0 Unarmed Combat
 - Level 2.0 Spellcasting
 - Level 1.1 Transmutations
 - Level 2.6 Earth Magic


You had 3 spell levels left.
You knew the following spells:

 Your Spells              Type           Power        Failure   Level  Hunger
a - Sandblast             Erth           ##....       6%          1    #......
p - Passwall              Tmut/Erth      #.........   14%         2    ###....


Dungeon Overview and Level Annotations

Branches:
Dungeon (5/15)
 Temple: D:4-7

Altars:
Cheibriados
Dithmenos


Innate Abilities, Weirdness & Mutations

You cannot wear armour.
You are incapable of wielding weapons or throwing items.
Your paws allow you to move quietly. (Stealth)
You have sharp claws.
You have razor-sharp teeth.
You have supernaturally acute eyesight. (SInv)
You are carnivorous and can eat meat at any time.
You cover ground quickly.
You are covered in fur. (AC +1)
You have a slow metabolism.
Your sharp claws are effective at attacking unaware monsters.


Message History

b - 37 stones
Casting: Sandblast
Confirm with . or Enter, or press ? or * to list all spells.
Aiming: Sandblast
Press: ? - help, Shift-Dir - straight line, f/p - worker ant
Aim: a worker ant You miscast Sandblast.
You are very lightly contaminated with residual magic.
Your paws feel warm.
b - 55 stones (gained 18)
The worker ant bites you.
* * * LOW HITPOINT WARNING * * *
The worker ant bites you but does no damage.
As you read the scroll labeled TIPPUC ZOGAFAF, it crumbles to dust.
It is a scroll of enchant armour.
You aren't carrying any armour which can be enchanted further.
The worker ant misses you. The ice beast misses you. The worker ant bites you.
You die...
You are lethally poisoned!
The worker ant poisons you!
You are now level 3!
You rejoin the land of the living...
Found 7 stones.
An adder skeleton comes into view.
You pounce on the unaware helpless adder skeleton!
You mangle the adder skeleton!!
You destroy the adder skeleton!
Cheibriados appreciates the change of pace.
b - 62 stones (gained 7)
Found a club.
Found a stone staircase leading up.
There is a stone staircase leading up here.
You climb upwards.
A frilled lizard and a worker ant come into view.
There is a stone staircase leading down here.
The worker ant twitches its antennae in your direction.
The worker ant bites you.
You are lethally poisoned!
The worker ant poisons you!
Casting: Sandblast
Confirm with . or Enter, or press ? or * to list all spells.
Aiming: Sandblast
Press: ? - help, Shift-Dir - straight line, f - worker ant
Aim: a worker ant The blast of sand hits the worker ant.
The worker ant is moderately wounded.
b - 61 stones You feel sick.
The worker ant closely misses you.
Casting: Sandblast
Confirm with . or Enter, or press ? or * to list all spells.
Aiming: Sandblast
Press: ? - help, Shift-Dir - straight line, f/p - worker ant
Aim: a worker ant (moderately wounded)
The blast of sand hits the worker ant.
The worker ant is moderately wounded.
b - 60 stones
* * * LOW HITPOINT WARNING * * *
You feel sick. The worker ant misses you. The worker ant barely misses you.
Casting: Sandblast
Confirm with . or Enter, or press ? or * to list all spells.
Aiming: Sandblast
Press: ? - help, Shift-Dir - straight line, f/p - worker ant
Aim: a worker ant (moderately wounded)
The blast of sand hits the worker ant.
The worker ant is heavily wounded.
b - 59 stones
* * * LOW HITPOINT WARNING * * *
You feel sick.
The frilled lizard hisses angrily.
The worker ant barely misses you.
Casting: Sandblast
Confirm with . or Enter, or press ? or * to list all spells.
Aiming: Sandblast
Press: ? - help, Shift-Dir - straight line, f/p - worker ant
Aim: a worker ant (heavily wounded)
The blast of sand misses the worker ant.
b - 58 stones The worker ant completely misses you.
Casting: Sandblast
Confirm with . or Enter, or press ? or * to list all spells.
Aiming: Sandblast
Press: ? - help, Shift-Dir - straight line, f/p - worker ant
Aim: a worker ant (heavily wounded)
The blast of sand hits the worker ant.
The worker ant is almost dead.
b - 57 stones
* * * LOW HITPOINT WARNING * * *
You feel sick. The worker ant bites you.
* * * LOW HITPOINT WARNING * * *
Casting: Sandblast
Confirm with . or Enter, or press ? or * to list all spells.
Aiming: Sandblast
Press: ? - help, Shift-Dir - straight line, f/p - worker ant
Aim: a worker ant (almost dead)
The blast of sand misses the worker ant.
b - 56 stones The worker ant closely misses you.
The frilled lizard closely misses you.
You aren't carrying any potions.
Unknown command.
Are you sure you want to abandon this character and quit the game? (Confirm with "yes".)

## .###
######...##
#.........#
#..>......#
#.........###
#.....l......
#....@...#.#
#.....a......
...........##.#
............#
....########..
#### ... ... .
. .# #. .# #..
..


You could see a worker ant and a frilled lizard.

Vanquished Creatures
  A jelly (D:5)
  2 adders
  An adder skeleton (D:5)
  2 dart slugs
  2 leopard geckos
  3 giant cockroaches
  2 goblins
  2 hobgoblins (D:3)
  2 kobolds (D:1)
  A ball python (D:3)
  3 bats
  A rat (D:2)
22 creatures vanquished.

Notes
Turn   | Place    | Note
-------+----------+-------------------------------------------
     0 | D:1      | tidbits the Felid Earth Elementalist began the quest for the Orb.
     0 | D:1      | Reached XP level 1. HP: 7/7 MP: 4/4
    74 | D:1      | Reached skill level 3 in Stealth
    74 | D:1      | Reached skill level 1 in Unarmed Combat
   122 | D:1      | Reached XP level 2. HP: 11/11 MP: 3/6
   126 | D:1      | Learned a level 2 spell: Passwall
   183 | D:2      | Reached skill level 2 in Unarmed Combat
   204 | D:3      | Reached XP level 3. HP: 11/14 MP: 2/7
   247 | D:5      | Entered Level 5 of the Dungeon
   247 | D:5      | Found a shadowy altar of Dithmenos.
   247 | D:5      | Noticed an ice beast
   351 | D:5      | Reached skill level 4 in Stealth
   351 | D:5      | Reached skill level 3 in Unarmed Combat
   351 | D:5      | Reached XP level 4. HP: 8/18 MP: 5/8
   358 | D:5      | Found a snail-covered altar of Cheibriados.
   365 | D:5      | Became a worshipper of Cheibriados the Contemplative
   403 | D:5      | Slain by a worker ant
   404 | D:5      | Reached XP level 3. HP: 0/14 MP: 6/7
   449 | D:4      | HP: 1/14 [worker ant (4)]
   451 | D:4      | Quit the game

Skill      XL: |  1  2  3 |
---------------+----------+-----
Stealth        | 3 4 |  4.2
Unarmed Combat | 1 2 3 |  3.0
Dodging        | |  2.6
Spellcasting   | |  2.0
Transmutations | |  1.1
Earth Magic    | |  2.6

Action                   |  1- 3 |  4- 6 || total
-------------------------+-------+-------++-------
Melee: Unarmed           |    14 |       ||    14
       Bite              |     1 |       ||     1
 Cast: Sandblast         |    27 |     4 ||    31
  Use: Potion            |     2 |       ||     2
       Scroll            |       |     1 ||     1
 Stab: Sleeping          |     5 |       ||     5
Armor: Skin              |     4 |     1 ||     5
Dodge: Dodged            |    49 |     3 ||    52

Table legend:
 A = Turns spent in this place as a percentage of turns spent in the entire game.
 B = Non-inter-level travel turns spent in this place as a percentage of non-inter-level travel turns spent in the entire game.
 C = Inter-level travel turns spent in this place as a percentage of turns spent in this place.
 D = Turns resting spent in this place as a percentage of non-inter-level travel turns spent in this place.
 E = Turns spent auto-exploring this place as a percentage of non-inter-level travel turns spent in this place.
 F = Non-inter-level travel turns spent in this place divided by the number of levels of this place that you've seen.
                   A       B       C       D       E      F
               +-------+-------+-------+-------+-------+----------------------
         Total | 100.0 | 100.0 |   0.0 |   0.0 |   0.0 |  90.2
       Dungeon | 100.0 | 100.0 |   0.0 |   0.0 |   0.0 |  90.2
               +-------+-------+-------+-------+-------+----------------------

Table legend:
 A = Kills in this place as a percentage of kills in entire the game.
 B = Kills by you in this place as a percentage of kills by you in the entire game.
 C = Kills by friends in this place as a percentage of kills by friends in the entire game.
 D = Other kills in this place as a percentage of other kills in the entire game.
 E = Experience gained in this place as a percentage of experience gained in the entire game.
 F = Experience gained in this place divided by the number of levels of this place that you have seen.
                   A       B       C       D       E      F
               +-------+-------+-------+-------+-------+----------------------
         Total | 100.0 | 100.0 |   N/A |   N/A | 100.0 |  22.2
       Dungeon | 100.0 | 100.0 |   N/A |   N/A | 100.0 |  22.2
               +-------+-------+-------+-------+-------+----------------------

Vault maps used:
D:1:      lordsloth_arrival_two_stooges
D:2:      grunt_qazlal_clouds, lemuel_coloured_pillars_altar, nrook_mini_vaults,
          tso_altar
D:3:      zin_angel, first_ration
D:4:      lemuel_crystal_altar, minmay_temple_entry_hall, kennysheep_crisscross,
          roderic_batcave
D:5:      kennysheep_slug_shrine, nicolae_dithmenos_through_a_glass_darkly
